 Dungeon Crawl Stone Soup version 0.29.1-1-gd02db6906a (webtiles) character file.

Game seed: 1108308616952059191

126 EvilAshe the Digger (level 5, 0/35 HPs)
             Began as a Formicid Earth Elementalist on Sept 16, 2022.
             Was an Initiate of Dithmenos.
             Succumbed to a scorpion's poison
             ... on level 3 of the Dungeon.
             The game lasted 00:07:23 (2224 turns).

EvilAshe the Digger (Formicid Earth Elementalist)   Turns: 2224, Time: 00:07:23

Health: 0/35       AC:  4    Str: 12    XL:     5   Next: 32%
Magic:  2/10       EV: 11    Int: 17    God:    Dithmenos [......]
Gold:   106        SH:  0    Dex: 14    Spells: 7/11 levels left

rFire   . . .      SeeInvis +   k - +0 falchion
rCold   . . .      Faith    .   (no shield)
rNeg    + . .      Spirit   .   n - +1 leather armour {rN+}
rPois   .          Reflect  .   (helmet unavailable)
rElec   .          Harm     .   (no cloak)
rCorr   .          Rampage  .   (no gloves)
Will    .....                   (no boots)
Stlth   ++........              (no amulet)
HPRegen 0.11/turn               (no ring)
MPRegen 0.12/turn               (no ring)

@: lethally poisoned (0 -> -3)
A: permanent stasis, dig shafts and tunnels, antennae 3, four strong arms
a: Dig, Shaft Self, Renounce Religion


You were on level 3 of the Dungeon.
You worshipped Dithmenos.
Dithmenos was noncommittal.
You visited 1 branch of the dungeon, and saw 4 of its levels.

You collected 106 gold pieces.

Inventory:

Hand Weapons
 k - a +0 falchion (weapon)
Armour
 n - a +1 leather armour of positive energy (worn)
Scrolls
 a - 2 scrolls of fear {unknown}
 f - 3 scrolls of identify {unknown}
 m - a scroll of teleportation {unknown}
Potions
 b - a potion of magic
 c - a potion of mutation {unknown}
 d - a potion of attraction {unknown}
 e - 2 potions of brilliance {unknown}
 g - 2 potions of heal wounds {unknown}
 h - 2 potions of lignification {unknown}
 i - a potion of invisibility {unknown}
 l - a potion of flight {unknown}


   Skills:
 - Level 1.7 Dodging
 - Level 2.4 Stealth
 + Level 3.9 Spellcasting
 + Level 0.6 Conjurations
 - Level 1.1 Transmutations
 + Level 5.3 Earth Magic


You had 7 spell levels left.
You knew the following spells:

 Your Spells              Type           Power      Damage    Failure   Level
a - Sandblast             Erth           42%        2d11      2%          1
b - Stone Arrow           Conj/Erth      26%        3d8       19%         3

Your spell library contained the following spells:

 Spells                   Type           Power      Damage    Failure   Level
 Passwall                 Tmut/Erth      11%        N/A       9%          2
 Petrify                  Tmut/Erth      14%        N/A       47%         4


Dungeon Overview and Level Annotations

Branches:
Dungeon (4/15)
 Temple: D:4-7

Altars:
Dithmenos


Innate Abilities, Weirdness & Mutations

You cannot be hasted, slowed, berserked, paralysed or teleported.
You can dig through walls and to a lower floor.
You have a pair of large antennae on your head. (SInv)
Your four strong arms can wield two-handed weapons with a shield.


Message History

Aiming: Sandblast (safe; 2% risk of failure)
Press: ? - help, Shift-Dir - straight line, f/p - scorpion
Aim: a scorpion (heavily wounded, 83% to hit)
The blast of sand hits the scorpion but does no damage.
The scorpion is heavily wounded.
You feel very sick.
The bat hits you but does no damage. x2; The scorpion closely misses you.
The scorpion stings you.
* * * LOW HITPOINT WARNING * * *
Casting: Sandblast (safe; 2% risk of failure)
Confirm with . or Enter, or press ? or * to list all spells.
Aiming: Sandblast (safe; 2% risk of failure)
Press: ? - help, Shift-Dir - straight line, f/p - scorpion
Aim: a scorpion (heavily wounded, 83% to hit)
The blast of sand hits the scorpion.
The scorpion is almost dead.
* * * LOW HITPOINT WARNING * * *
You feel very sick. The bat hits you.
* * * LOW HITPOINT WARNING * * *
The bat hits you but does no damage. The scorpion closely misses you.
Casting: Sandblast (safe; 2% risk of failure)
Confirm with . or Enter, or press ? or * to list all spells.
Aiming: Sandblast (safe; 2% risk of failure)
Press: ? - help, Shift-Dir - straight line, f/p - scorpion
Aim: a scorpion (almost dead, 83% to hit)
The blast of sand hits the scorpion but does no damage.
The scorpion is almost dead.
* * * LOW HITPOINT WARNING * * *
You feel sick. The bat hits you but does no damage. The bat closely misses you.
The scorpion stings you but does no damage.
The bat misses you. The scorpion closely misses you.
The bat completely misses you.
Casting: Sandblast (safe; 2% risk of failure)
Confirm with . or Enter, or press ? or * to list all spells.
Aiming: Sandblast (safe; 2% risk of failure)
Press: ? - help, Shift-Dir - straight line, f/p - scorpion
Aim: a scorpion (almost dead, 83% to hit)
The blast of sand misses the scorpion.
You die...

.###### ......b### #s@.##
############..##
#.....<...###..#####
#########.####.....#######
##...<...##.......##
#................>.##
#####................
#######..........
########...


You could see a scorpion and a bat.

Vanquished Creatures
  Robin (D:2)
  3 adders
  2 ufetubi
  A worm (D:4)
  An orc (D:4)
  8 endoplasms
  2 giant cockroaches
  17 goblins
  6 hobgoblins
  4 jackals (D:2)
  2 quokkas
  6 ball pythons
  4 bats
  6 frilled lizards
  2 kobolds
  5 rats
70 creatures vanquished.

Vanquished Creatures (others)
  4 fungi (D:4)
  A plant (D:2)
5 creatures vanquished.

Grand Total: 75 creatures vanquished

Notes
Turn   | Place    | Note
-------+----------+-------------------------------------------
     0 | D:1      | EvilAshe the Formicid Earth Elementalist began the quest
                  | for the Orb.
     0 | D:1      | Reached XP level 1. HP: 13/13 MP: 3/3
   176 | D:1      | Reached XP level 2. HP: 19/19 MP: 2/5
   248 | D:1      | Reached skill level 4 in Earth Magic
   436 | D:1      | Reached XP level 3. HP: 24/24 MP: 1/7
  1006 | D:2      | Found a faded altar of an unknown god.
  1143 | D:2      | You fall into a shaft and drop 1 floor!
  1232 | D:2      | Noticed Robin
  1357 | D:2      | Reached XP level 4. HP: 30/30 MP: 5/8
  1635 | D:3      | Reached skill level 5 in Earth Magic
  1947 | D:2      | Killed Robin
  2011 | D:2      | Reached XP level 5. HP: 34/35 MP: 8/10
  2048 | D:2      | Learned a level 3 spell: Stone Arrow
  2097 | D:4      | Found a shadowy altar of Dithmenos.
  2115 | D:4      | Became a worshipper of Dithmenos the Shadowed
  2115 | D:4      | Noticed a bullfrog
  2223 | D:3      | HP: 1/35 [poisoned by a scorpion]
  2224 | D:3      | Succumbed to a scorpion's poison

Illustrated notes

Levels and vault maps discovered:
D:1:      heliophobic_arrival_ceremonial_halls, layout_loops_ring,
          minmay_misc_feat_doors, minmay_misc_feat_rows
D:2:      layout_loops_ring, dilly_ecumenical_altar_fadedgnrine, uniq_robin
D:3:      layout_rooms
D:4:      layout_gridville, mainiacjoe_overflow_boulevard, uniq_edmund,
          uniq_natasha, uniq_crazy_yiuf_cottage

Skill      XL: |  1  2  3  4 |
---------------+-------------+-----
Earth Magic    | 4 5 |  5.3
Spellcasting   | 3 |  3.9
Dodging        | |  1.7
Stealth        | |  2.4
Conjurations   | |  0.6
Transmutations | |  1.1

Action                   |  1- 3 |  4- 6 || total
-------------------------+-------+-------++-------
Melee: Unarmed           |     2 |       ||     2
 Cast: Sandblast         |    53 |    47 ||   100
Armor: Robe              |     3 |       ||     3
       Leather armour    |       |    10 ||    10
Dodge: Dodged            |     4 |    22 ||    26
